Map: Dash and Terminal LE (Void)

Players

HeavyStatus

  • Race: Zerg Zerg
  • League: Grandmaster

SticklerMac - Winner!

  • Race: Zerg Zerg

VOD

Have the link to the VOD?

Description

Time

  • Played on: Aug. 5, 2015, 7:23 p.m.
  • Length: 6:48
Show
View Real Time Build Order
Export as new Build Order

HeavyStatus Zerg 

Build Orders: Pool First 

Get SALT Encoding   

  12  0:02  Drone  
  13  0:09  Drone  
  14  0:19  Overlord  
  14  0:26  Extractor  
  14  0:37  Spawning Pool  
  14  0:39  Drone  
  14  0:51  Extractor  
  13  1:03  Drone  
  14  1:05  Drone  
  15  1:21  Hatchery  
  15  1:24  Drone x2  
  16  1:32  Queen  
  18  1:54  Spine Crawler  
  18  1:58  Drone  
  18  2:04  Drone x2  
  20  2:13  Zergling x2  
  21  2:18  Lair  
  21  2:36  Spine Crawler  
  20  2:37  Drone x3  
  23  2:53  Drone  
  23  2:54  Drone  
  25  3:01  Overlord  
  25  3:04  Zergling x2  
  26  3:19  Extractor  
  25  3:25  Spire  
  25  3:26  Spore Crawler  
  22  3:32  Drone  
  22  3:33  Drone x2  
  25  3:52  Drone  
  25  3:54  Drone  
  27  3:57  Spine Crawler  
  27  3:58  Extractor  
  27  4:01  Drone x6  
  27  4:02  Extractor  
  29  4:10  Zergling x2  
  24  4:21  Spine Crawler  
  22  4:36  Mutalisk  
  22  4:37  Mutalisk x2  
  23  5:11  Mutalisk  
  24  5:23  Zergling x4  
  24  5:24  Zergling x8  
  24  6:04  Hatchery  
  17  6:26  Drone x2, Roach Warren  
Show
View Real Time Build Order
Export as new Build Order

SticklerMac Zerg - Winner!

Build Orders: Pool First, Zergling Baneling 

Get SALT Encoding   

  12  0:00  Drone  
  13  0:08  Drone  
  14  0:18  Overlord  
  14  0:36  Drone x3  
  17  0:58  Drone  
  17  0:59  Spawning Pool  
  17  1:03  Drone  
  17  1:04  Extractor  
  17  1:26  Hatchery  
  17  1:31  Drone x2  
  18  1:38  Drone  
  19  1:47  Queen  
  19  1:52  Zergling x2  
  22  1:59  Overlord  
  22  2:16  Overlord x2  
  22  2:25  Metabolic Boost  
  22  2:26  Zergling x2  
  23  2:37  Zergling x2  
  23  2:41  Zergling x2  
  23  2:43  Baneling Nest  
  24  2:46  Queen  
  26  2:54  Zergling x4  
  26  2:57  Zergling x2  
  29  3:04  Drone  
  30  3:08  Drone x2  
  32  3:17  Zergling x2  
  32  3:18  Zergling x4  
  35  3:26  Zergling x4  
  37  3:31  Zergling x4  
  38  3:44  Drone x2  
  40  3:48  Baneling x2  
  40  3:49  Baneling x6  
  40  3:52  Zergling x2  
  40  3:55  Zergling x2  
  42  3:57  Zergling x2  
  43  4:16  Zergling x10  
  43  4:17  Zergling x2  
  43  4:19  Overlord  
  44  4:26  Overlord  
  44  4:35  Baneling x2  
  44  4:36  Baneling x3  
  44  4:38  Zergling x4  
  46  4:39  Zergling x2  
  46  4:49  Zergling x8  
  48  5:02  Zergling x6  
  44  5:11  Zergling x2  
  39  5:16  Spore Crawler x2  
  39  5:18  Spore Crawler  
  39  5:20  Spore Crawler  
  34  5:30  Drone  
  34  5:31  Spore Crawler x2  
  34  5:35  Drone  
  33  5:42  Zergling x2  
  32  5:43  Zergling x2  
  32  5:48  Zergling x2  
  33  5:53  Zergling x4  
  35  5:58  Zergling x2  
  35  6:03  Zergling x2  
  37  6:08  Drone x2  
  37  6:13  Zergling x2  
  37  6:18  Zergling x2  
  37  6:20  Zergling x2  
  39  6:26  Zergling x4  
Tags
 
Add a new tag
Caveats
  • Supply blocks, unpowered buildings, or Contaminate may cause inaccurate times.
  • Supply counts are checked every 10 seconds.